 Dungeon Crawl Stone Soup version 0.25.1-2-g60ff931df9 (webtiles) character file.

Game seed: 13403616824264883059

57 graki42 the Skirmisher (level 4, -6/49 HPs)
             Began as an Ogre Berserker on July 30, 2020.
             Was a Believer of Trog.
             Mangled by a gnoll
             ... wielding a +0 spear
              (7 damage)
             ... on level 2 of the Dungeon.
             The game lasted 00:02:10 (1250 turns).

graki42 the Skirmisher (Ogre Berserker)             Turns: 1250, Time: 00:02:10

Health: -6/49      AC:  3    Str: 22    XL:     4   Next: 0%
Magic:  4/4        EV: 10    Int: 10    God:    Trog [**....]
Gold:   58         SH:  0    Dex:  8    Spells: 3/3 levels left

rFire    + . .     SeeInvis .   a - +0 mace
rCold    . . .     Gourm    .   (no shield)
rNeg     . . .     Faith    .   b - +0 animal skin
rPois    .         Spirit   .   (helmet restricted)
rElec    .         Reflect  .   (no cloak)
rCorr    .         Harm     .   (gloves unavailable)
MR       .....                  (boots unavailable)
Stlth    +.........             (no amulet)
HPRegen  0.16/turn              (no ring)
MPRegen  0.09/turn              (no ring)

@: mighty, berserk cooldown, stab, slowed, very slow
A: large, unfitting armour, clever 1, fire resistance 1, high mp 1, tough skin 1
a: Berserk, Trog's Hand, Renounce Religion


You were on level 2 of the Dungeon.
You worshipped Trog.
Trog was pleased with you.
You were hungry.

You visited 1 branch of the dungeon, and saw 2 of its levels.

You collected 58 gold pieces.

Inventory:

Hand Weapons
 a - a +0 mace (weapon)
Armour
 b - a +0 animal skin (worn)
Jewellery
 f - a +6 ring of dexterity {unknown}
Scrolls
 e - a scroll of identify {unknown}
Comestibles
 c - 3 rations


   Skills:
 + Level 4.8 Fighting
 + Level 3.3 Maces & Flails
 + Level 3.2 Dodging
 + Level 0.2 Stealth


You had 3 spell levels left.
You didn't know any spells.
Your spell library was empty.

Dungeon Overview and Level Annotations

Branches:
Dungeon (2/15)

Altars:


Innate Abilities, Weirdness & Mutations

You are too large for most types of armour.
You have tough skin. (AC +1)
Your mind is acute. (Int +2)
Your flesh is heat resistant. (rF+)
You have an increased reservoir of magic. (+10% MP)


Message History

You feel ready to backstab.
The hobgoblin hits you but does no damage.
The gnoll closely misses you. The hobgoblin hits you.
* * * LOW HITPOINT WARNING * * *
It was a potion of might.
You feel very mighty all of a sudden.
The gnoll hits you from afar with a +0 spear!
* * * LOW HITPOINT WARNING * * *
The hobgoblin closely misses you. The gnoll barely misses you.
It was a potion of curing.
You feel better. The hobgoblin barely misses you.
The gnoll hits you from afar with a +0 spear.
* * * LOW HITPOINT WARNING * * *
The hobgoblin hits you.
* * * LOW HITPOINT WARNING * * *
It was a potion of mutation.
You feel extremely strange.
You feel resistant to heat.
You feel clever.
You feel more energetic. The gnoll hits you but does no damage.
The hobgoblin hits you.
* * * LOW HITPOINT WARNING * * *
The gnoll hits you from afar with a +0 spear!
You die...

..# #.## ...### ###..g..
#..... ####.#.## ###
#####g......##
.?..###...@).......##
#...?...###)g≈≈≈≈...####...
..#....<.....≈≈≈≈⌠......>..
#..........≈≈≈≈...######
#........÷.......##
#...^............#
......................
...........#########..#
.....[.....# #.#


You could see a gnoll and a hobgoblin.

Vanquished Creatures
  3 gnolls (D:2)
  An adder (D:2)
  A dart slug (D:1)
  2 leopard geckos (D:1)
  2 bats (D:1)
  3 goblins (D:1)
  2 frilled lizards (D:1)
  2 kobolds (D:1)
  4 rats (D:1)
20 creatures vanquished.

Notes
Turn   | Place    | Note
-------+----------+-------------------------------------------
     0 | D:1      | graki42 the Ogre Berserker began the quest for the Orb.
     0 | D:1      | Reached XP level 1. HP: 24/24 MP: 1/1
   389 | D:1      | Reached XP level 2. HP: 26/32 MP: 2/2
  1147 | D:2      | Reached XP level 3. HP: 40/40 MP: 3/3
  1246 | D:2      | Reached ** piety under Trog
  1246 | D:2      | Reached XP level 4. HP: 20/49 MP: 4/4
  1250 | D:2      | Gained mutation: Your flesh is heat resistant. (rF+)
                  | [potion of mutation]
  1250 | D:2      | Gained mutation: Your mind is acute. (Int +2) [potion of
                  | mutation]
  1250 | D:2      | Gained mutation: You have an increased reservoir of magic.
                  | (+10% MP) [potion of mutation]
  1250 | D:2      | HP: 1/49 [hobgoblin (4)]
  1250 | D:2      | Mangled by a gnoll

Illustrated notes

Levels and vault maps discovered:
D:1:      psy_arrival_whirlpool, layout_basic
D:2:      layout_rooms, first_ration, serial_bayou_pond_a,
          serial_park_tiny_pond, skrybe_limestone_x, minmay_pentomino_p2

Skill      XL: |  1  2 |
---------------+-------+-----
Maces & Flails | 3 |  3.3
Dodging        | 3 |  3.2
Fighting       | |  4.8
Stealth        | |  0.2

Action                   |  1- 3 |  4- 6 || total
-------------------------+-------+-------++-------
Melee: Mace              |    59 |       ||    59
Invok: Berserk           |     2 |       ||     2
  Use: Potion            |       |     4 ||     4
 Stab: Sleeping          |     1 |       ||     1
  Eat: Chunk             |     2 |       ||     2
Armor: Animal skin       |    14 |     2 ||    16
Dodge: Dodged            |    36 |     6 ||    42
